 Dungeon Crawl Stone Soup version 0.31.0-11-ge490571c62 (console) character file.

Game seed: 6692733954730089563

104902 Banquo the Warrior (level 16, -2/126 HPs)
             Began as a Djinni Air Elementalist on Jan 30, 2024.
             Was an Elder of Ashenzari.
             Slain by a merfolk impaler
             ... wielding a +0 trident
              (6 damage)
             ... on level 1 of the Shoals on Feb 1, 2024.
             The game lasted 02:14:58 (44863 turns).

Banquo the Warrior (Djinni Air Elementalist)       Turns: 44863, Time: 02:14:58

Health: -2/126     AC: 12    Str: 12    XL:     16   Next: 94%
Gold:   2435       EV: 15    Int: 27    God:    Ashenzari [****..] SH:  7 Dex: 14

rFire   + + +        b - staff of air
rCold   . . .        i - +0 buckler "Tethered Mistrust" {Melee, Elem} (curse)
rNeg    . . .        d - +3 leather armour {rC+}
rPois   ∞            h - +2 hat "Ensconced Together" {Elem, Cun} (curse)
rElec   +            e - scarf of Ashenzari's Seer {repulsion, Elem, Dev} (curse)
rCorr   +            g - +2 pair of gloves of Ashenzari's Vision {Str+5 Int+4 Dex-2, Melee, Elem} (curse)
SInv    +            (boots unavailable)
Will    +....        n - amulet of Ashenzari's Discomfort {Faith, Bglg, Dev} (curse)
Stlth   ++           f - ring of resist corrosion
HPRegen 0.41/turn    u - ring "Irritation of Ashenzari" {rF+, Elem, Melee} (curse)
MPRegen 0.00/turn

%: repel missiles, clarity, faith, infuse magic (-3 HP)
@: flying
A: sickness immunity, fire resistance 2, cold vulnerability 1, float, innate
caster, HP casting, extra vitality 1
a: Renounce Religion, Shatter the Chains


You were on level 1 of the Shoals.
You worshipped Ashenzari.
Ashenzari was greatly pleased with you.
You visited 4 branches of the dungeon, and saw 23 of its levels.
You also visited: Bailey and Volcano.

You collected 3447 gold pieces.
You spent 1012 gold pieces at shops.

Inventory:

Hand Weapons
 a - the +9 flail "Kigush" {pain, rF++ Dex+2}
   (You bought it in a shop on level 4 of the Dungeon)

   Dex+2:     It affects your dexterity (+2).
   rF++:      It greatly protects you from fire.
 s - a +0 demon trident of draining
 t - a +4 scimitar of flaming
 G - a +5 rapier of protection
 N - the +5 spear of Tumult {freeze, rPois rF+}
   (You bought it in a shop on level 2 of the Orcish Mines)

   rF+:       It protects you from fire.
   rPois:     It protects you from poison
Armour
 d - a +3 leather armour of cold resistance (worn)
 e - the cursed scarf of Ashenzari's Seer (worn) {repulsion, Elem, Dev}
   (You found it on level 8 of the Dungeon)

   It has a curse which improves the following skills: Elements: Fire Magic, Ice
   Magic, Air Magic and Earth Magic.
   Devices:   Evocations and Shapeshifting.
 g - the cursed +2 pair of gloves of Ashenzari's Vision (worn) {Str+5 Int+4 Dex-2, Melee, Elem}
   (You found it in a bailey)

   Str+5:     It affects your strength (+5).
   Int+4:     It affects your intelligence (+4).
   Dex-2:     It affects your dexterity (-2).
   It has a curse which improves the following skills: Melee Combat: Short
   Blades, Long Blades, Axes, Maces & Flails, Polearms, Staves and Unarmed
   Combat.
   Elements:  Fire Magic, Ice Magic, Air Magic and Earth Magic.
 h - the cursed +2 hat "Ensconced Together" (worn) {Elem, Cun}
   (You found it on level 3 of the Dungeon)

   It has a curse which improves the following skills: Elements: Fire Magic, Ice
   Magic, Air Magic and Earth Magic.
   Cunning:   Dodging and Stealth.
 i - the cursed +0 buckler "Tethered Mistrust" (worn) {Melee, Elem}
   (You found it on level 4 of the Lair of Beasts)

   It has a curse which improves the following skills: Melee Combat: Short
   Blades, Long Blades, Axes, Maces & Flails, Polearms, Staves and Unarmed
   Combat.
   Elements:  Fire Magic, Ice Magic, Air Magic and Earth Magic.
 I - a scarf of resistance
Magical Staves
 b - a staff of air (weapon)
Jewellery
 f - a ring of resist corrosion (left hand)
 n - the cursed amulet of Ashenzari's Discomfort (around neck) {Faith, Bglg, Dev}
   (You found it on level 6 of the Dungeon)

   [amulet of faith]

   Faith:     It allows you to gain divine favour quickly.
   It has a curse which improves the following skills: Beguiling: Hexes and
   Translocations.
   Devices:   Evocations and Shapeshifting.
 u - the cursed ring "Irritation of Ashenzari" (right hand) {rF+, Elem, Melee}
   (You found it on level 1 of the Lair of Beasts)

   [ring of protection from fire]

   rF+:       It protects you from fire.
   It has a curse which improves the following skills: Elements: Fire Magic, Ice
   Magic, Air Magic and Earth Magic.
   Melee Combat: Short Blades, Long Blades, Axes, Maces & Flails, Polearms,
   Staves and Unarmed Combat.
Wands
 o - a wand of iceblast (15)
 w - a wand of polymorph (5)
 A - a wand of charming (17)
 C - a wand of flame (9)
 D - a wand of digging (3)
 M - a wand of quicksilver (17)
Scrolls
 j - 4 scrolls of enchant armour
 k - a scroll of fear
 m - 5 scrolls of revelation
 p - 8 scrolls of teleportation
 q - 2 scrolls of fog
 x - 2 scrolls of blinking
 y - 2 scrolls of vulnerability
 F - 3 scrolls of summoning
Potions
 c - 4 potions of haste
 l - 8 potions of curing
 r - 5 potions of brilliance
 v - 5 potions of heal wounds
 z - 5 potions of enlightenment
 B - 3 potions of resistance
 J - a potion of invisibility
 P - a potion of might
Miscellaneous
 E - a box of beasts
 H - a phial of floods


   Skills:
 * Level 15.4 Fighting
 - Level 6.0(9.6) Maces & Flails
 - Level 8.0 Armour
 - Level 8.0(9.8) Dodging
 - Level 1.5(2.8) Stealth
 * Level 12.1 Shields
 * Level 14.3 Spellcasting
 * Level 14.3 Conjurations
 * Level 14.3(16.0) Hexes
 * Level 14.3 Summonings
 * Level 14.3 Necromancy
 * Level 14.3(16.0) Translocations
 * Level 14.3(19.3) Fire Magic
 * Level 14.3(19.3) Ice Magic
 * Level 14.3(19.3) Air Magic
 * Level 14.3(19.3) Earth Magic
 * Level 14.3 Alchemy


You knew the following spells:

 Your Spells              Type           Power      Damage    Failure   Level
a - Shock                 Conj/Air       100%       1d9       0%          1
b - Lesser Beckoning      Tloc           100%       N/A       0%          2
c - Mephitic Cloud        Conj/Alch/Air  100%       N/A       1%          3
d - Static Discharge      Conj/Air       100%       3-8/arc   0%          2
e - Apportation           Tloc           100%       N/A       0%          1
f - Silence               Hex/Air        53%        N/A       1%          5
l - Conjure Ball Lightni  Conj/Air       52%        3x3d18    1%          6
r - Searing Ray           Conj           100%       2d8       1%          2
u - Dispel Undead         Necr           77%        3d25      1%          4
z - Airstrike             Air            55%        2d(8-24)  0%          4
M - Swiftness             Air            100%       N/A       0%          3
Your spell library was empty.

Dungeon Overview and Level Annotations

Branches:
Dungeon (15/15)            Temple (0/1) D:5            Lair (5/5) D:8
 Shoals (1/4) Lair:3       Spider (0/4) Lair:2        Slime (0/5) Lair:5
    Orc (2/2) D:9             Elf (0/3) Orc:2        Vaults (0/5) D:13
 Depths (0/4) D:15         Bailey (visited)         Volcano (visited)

Altars:
Ashenzari
Cheibriados
Elyvilon
Fedhas
Gozag
Hepliaklqana
Nemelex Xobeh
Uskayaw
Wu Jian
Yredelemnul
Zin

Shops:
D:4 (   D:5 (:   Orc:2 :*[(

Annotations:
Lair:5 3 runed translucent doors, tdog's ghost, journeyman SpBr


Innate Abilities, Weirdness & Mutations

You are immune to sickness and miasma.
You are immune to poison.
Your flesh is very heat resistant. (rF++)
You are vulnerable to cold. (rC-)
You float through the air rather than walking.
You learn spells naturally, not from books.
Your magical power is your life essence.
You have superior vitality. (+4 MHP)


Message History

The merfolk impaler hits you from afar with a +0 trident.
The tentacle slaps you! The tentacle barely misses you.
The tentacle closely misses you.
The tentacle slaps you but does no damage.
The tentacle closely misses you. The tentacle slaps you!!
The tentacle slaps you.
The merfolk throws a stone.
The stone closely misses you.
The stone barely misses the tentacle.
The merfolk impaler barely misses you.
The merfolk impaler hits you from afar with a +0 trident!
The merfolk barely misses you.
A tentacle segment bursts forth from the water.
The merfolk impaler attacks as it pursues you!
The merfolk impaler hits you from afar with a +0 trident!
The merfolk hits you but does no damage.
The merfolk throws a stone.
The stone closely misses you.
The stone hits the plant!
The plant begins to die.
The merfolk throws a stone.
You block the stone.
The merfolk throws a stone.
You block the stone.
A nearby plant withers and dies.
The merfolk throws a stone.
The stone closely misses you.
The merfolk impaler hits you from afar with a +0 trident!
* * * LOW HITPOINT WARNING * * *
The merfolk throws a stone.
The stone hits you!
* * * LOW HITPOINT WARNING * * *
The merfolk impaler attacks as it pursues you!
You block the merfolk impaler's attack. The merfolk impaler misses you.
You block the merfolk impaler's attack.
The merfolk throws a stone.
The stone closely misses you.
The merfolk impaler attacks as it pursues you!
You block the merfolk impaler's attack.
The merfolk impaler attacks as it pursues you!
The merfolk impaler closely misses you. The merfolk impaler barely misses you.
The merfolk impaler hits you from afar with a +0 trident!
* * * LOW HITPOINT WARNING * * *
The merfolk throws a stone.
The stone misses you. The merfolk impaler closely misses you.
The merfolk impaler attacks as it pursues you!
The merfolk impaler hits you from afar with a +0 trident.
You die...

~~~~~~≈≈~~≈≈~~~..).###.##....~~≈≈
~~~~~≈≈≈≈≈≈≈~~~........###..~~~≈~
~~~~~≈≈≈≈≈≈≈~~~~~..~~~~.##..~~~~~
.~~~~~≈≈~≈≈≈~~≈~~...~~~~......~~.
....~~~.~~≈~~~≈~~....~~~.).~..~~~
###.~.~.~≈≈~~≈≈~~.....~~~~~≈~..~~
#..~~~≈≈≈~~≈≈~~~...~~~~~≈≈~....
###.~~~~≈≈≈≈≈≈≈~~~..~~~~~~≈≈≈...~
##..~~~~≈≈≈~m~m~@~~~~≈~~~≈≈≈≈~...
.P....~~≈≈~...~~~~~~~~~~~~≈≈≈~...
..P##.~~~~..##~~~.~~~~~~~~≈≈≈~...
.####....#####.~...~~~~~~≈≈≈≈~...
.##..~.###*,,..~....>~~≈≈~~~~~...
...~P~.# *,~~~..###..~≈~..~~~...
P.~~~..#***.~~..## #..~~~..~~~...
..~P~.#**,..~~..#**#..~~~........
,P~~~~,**,,,,~~,,,...~~~....~....


You could see a merfolk impaler and a merfolk.

Vanquished Creatures
  A fire giant (D:15)
  An orc warlord (Orc:2)
  2 red draconians (Volcano)
  A merfolk impaler (Shoals:1)
  Josephine (Lair:4)
  5 hydras
  An ogre mage (D:15)
  6 centaur warriors
  2 merfolk avatars (Shoals:1)
  Erolcha (Orc:1)
  A catoblepas (Lair:5)
  7 two-headed ogres
  6 death yaks
  7 boulder beetles
  A merfolk aquamancer (Shoals:1)
  4 orc high priests (Orc:2)
  A tengu warrior (D:15)
  2 hell knights (Volcano)
  7 skysharks
  A sea snake (Shoals:1)
  A deep troll (D:14)
  2 arcanists (D:13)
  4 harpies (Shoals:1)
  A necromancer (D:13)
  9 orc knights
  Pikel (D:4)
  3 deep elf pyromancers
  5 orc sorcerers
  9 ugly things
  A cyclops (D:11)
  7 manticores
  12 elephants
  4 black mambas
  A merfolk siren (Shoals:1)
  A water nymph (Shoals:1)
  A kobold blastminer (Orc:1)
  A torpor snail (Lair:5)
  3 kobold demonologists (D:11)
  Jeremiah (D:9)
  4 gargoyles
  14 cane toads
  2 efreet (D:14)
  2 rime drakes
  An unseen horror (D:13)
  2 yaktaurs (Volcano)
  8 komodo dragons
  A tengu conjurer (D:15)
  2 freezing wraiths (D:14)
  A polar bear (Lair:5)
  2 hornets
  3 trolls
  2 merfolk (Shoals:1)
  Grinder (D:6)
  8 dream sheep
  12 blink frogs
  2 jumping spiders
  A snapping turtle (Shoals:1)
  Sigmund (D:6)
  3 water elementals (Shoals:1)
  8 wraiths
  9 slime creatures
  6 wyverns
  A vampire (D:13)
  A human (D:9)
  61 yaks
  Eustachio (D:5)
  6 basilisks
  6 redbacks
  4 vampire mosquitoes (D:13)
  Menkaure (D:6)
  Edmund (D:6)
  2 acid dragons
  An acid dragon (shapeshifter) (D:14)
  11 water moccasins
  Duvessa (D:6)
  2 black bears
  An ice beast (D:4)
  39 orc warriors
  3 sky beasts
  24 centaurs
  4 laughing skulls
  9 ogres
  11 wolves
  4 lemures (D:4)
  5 kobold brigands
  A phantom (D:5)
  Blork the orc (D:6)
  12 bullfrogs
  2 gnoll sergeants (D:5)
  3 scorpions
  Dowan (D:6)
  14 killer bees
  3 howler monkeys (D:9)
  17 jellies
  21 orc priests
  4 hounds
  A sleepcap (D:7)
  5 iguanas
  26 orc wizards
  A boggart simulacrum (D:15)
  8 gnolls (D:5)
  8 adders
  4 shadow imps
  2 white imps
  4 ufetubi
  4 dart slugs
  2 ribbon worms
  87 orcs
  7 ball pythons
  7 bats
  10 endoplasms
  6 giant cockroaches
  7 goblins
  12 hobgoblins
  9 jackals
  8 quokkas
  4 frilled lizards
  20 kobolds
  7 rats
747 creatures vanquished.

Vanquished Creatures (collateral kills)
  7 ball lightnings
7 creatures vanquished.

Vanquished Creatures (others)
  2 ghouls (D:1)
  2 minotaurs (D:1)
  A draconian (D:1)
  An armataur (D:1)
  2 trolls (D:1)
  A merfolk (D:1)
  2 vampires (D:1)
  An elf (D:1)
  An oni (D:1)
  A barachi (D:1)
  An orc (D:1)
  72 ball lightnings
  8 tentacles
95 creatures vanquished.

Grand Total: 849 creatures vanquished

Notes
Turn   | Place    | Note
-------+----------+-------------------------------------------
     0 | D:1      | Banquo the Djinni Air Elementalist began the quest for the
                  | Orb.
     0 | D:1      | Banquo set off with the following spells memorised: Shock,
                  | Static Discharge, Swiftness, Airstrike.
     0 | D:1      | Reached XP level 1. HP: 15/15 MP: 0/0
     2 | D:1      | Noticed a ghoul
     2 | D:1      | Noticed a troll
     2 | D:1      | Noticed a ghoul
     2 | D:1      | Noticed a vampire
     2 | D:1      | Noticed a barachi
     2 | D:1      | Noticed a vampire
     2 | D:1      | Noticed an oni
     2 | D:1      | Noticed a merfolk
     2 | D:1      | Noticed a kraken
     2 | D:1      | Noticed a minotaur
     2 | D:1      | Noticed a minotaur
     2 | D:1      | Noticed a draconian
     2 | D:1      | Noticed an armataur
     2 | D:1      | Noticed an elf
     2 | D:1      | Noticed a troll
     4 | D:1      | Killed a troll
     5 | D:1      | Killed a barachi
    12 | D:1      | Killed a troll
    13 | D:1      | Killed a merfolk
    14 | D:1      | Killed a ghoul
    14 | D:1      | Killed a vampire
    15 | D:1      | Killed a minotaur
    16 | D:1      | Killed an oni
    18 | D:1      | Killed a draconian
    19 | D:1      | Killed a vampire
    20 | D:1      | Killed an armataur
    20 | D:1      | Killed an elf
    20 | D:1      | Killed a minotaur
    24 | D:1      | Killed a ghoul
   112 | D:1      | Reached XP level 2. HP: 17/22 MP: 0/0
   117 | D:1      | Reached skill level 1 in Fighting
   269 | D:1      | Reached XP level 3. HP: 21/27 MP: 0/0
   269 | D:1      | Learned a level 1 spell: Apportation
   562 | D:1      | Reached skill level 2 in Fighting
   839 | D:2      | Reached XP level 4. HP: 32/33 MP: 0/0
  2004 | D:3      | Reached XP level 5. HP: 39/39 MP: 0/0
  2004 | D:3      | Learned a level 2 spell: Searing Ray
  2224 | D:3      | Reached skill level 3 in Fighting
  2358 | D:4      | Noticed Pikel
  2358 | D:4      | Noticed a lemure
  2358 | D:4      | Noticed a lemure
  2358 | D:4      | Noticed a lemure
  2358 | D:4      | Noticed a lemure
  2452 | D:4      | Noticed an ice beast
  2559 | D:4      | Killed an ice beast
  2560 | D:4      | Reached XP level 6. HP: 37/46 MP: 0/0
  2592 | D:4      | Noticed an ogre
  2596 | D:4      | Killed an ogre
  2597 | D:4      | Reached skill level 4 in Fighting
  2777 | D:4      | Reached skill level 5 in Spellcasting
  2777 | D:4      | Reached skill level 5 in Conjurations
  2777 | D:4      | Reached skill level 5 in Hexes
  2777 | D:4      | Reached skill level 5 in Summonings
  2777 | D:4      | Reached skill level 5 in Necromancy
  2777 | D:4      | Reached skill level 5 in Translocations
  2777 | D:4      | Reached skill level 5 in Fire Magic
  2777 | D:4      | Reached skill level 5 in Ice Magic
  2777 | D:4      | Reached skill level 5 in Air Magic
  2777 | D:4      | Reached skill level 5 in Earth Magic
  2777 | D:4      | Reached skill level 5 in Alchemy
  2777 | D:4      | Reached XP level 7. HP: 49/52 MP: 0/0
  2777 | D:4      | Learned a level 2 spell: Lesser Beckoning
  2936 | D:4      | Found Ladeg's Antique Weapon Shop.
  3208 | D:5      | Entered Level 5 of the Dungeon
  3208 | D:5      | Noticed Eustachio
  3288 | D:5      | Found a broken altar of Ashenzari.
  3301 | D:5      | Became a worshipper of Ashenzari the Shackled
  3377 | D:5      | Found Soab Weabraf's Antique Weapon Shop.
  3456 | D:5      | Found an opulent altar of Gozag.
  3703 | D:5      | Killed Eustachio
  3704 | D:5      | Reached skill level 5 in Fighting
  3792 | D:5      | Reached XP level 8. HP: 56/59 MP: 0/0
  3968 | D:5      | Found Oczu's Book Shoppe.
  4188 | D:5      | Found an ornate altar of the Wu Jian Council.
  4228 | D:5      | Reached skill level 6 in Fighting
  4663 | D:5      | Found a staircase to the Ecumenical Temple.
  4878 | D:4      | Found Ladeg's Antique Weapon Shop.
  5463 | D:4      | Killed Pikel
  5464 | D:4      | Reached skill level 7 in Fighting
  5464 | D:4      | Reached XP level 9. HP: 60/68 MP: 0/0
  5464 | D:4      | Learned a level 3 spell: Mephitic Cloud
  5529 | D:4      | Bought a fine war axe for 212 gold pieces
  5529 | D:4      | Identified the +1 war axe of Yhijiu Cuobu {venom, rCorr
                  | Stlth+} (You bought it in a shop on level 4 of the Dungeon)
  5788 | D:6      | Noticed Duvessa
  5937 | D:6      | Noticed Dowan
  5951 | D:6      | Killed Duvessa
  6064 | D:6      | Noticed Sigmund
  6116 | D:6      | Killed Sigmund
  6335 | D:6      | Killed Dowan
  6491 | D:6      | Noticed Grinder
  6553 | D:6      | Reached skill level 5 in Dodging
  6691 | D:6      | Noticed Menkaure
  6692 | D:6      | Killed Menkaure
  6693 | D:6      | Found a basalt altar of Yredelemnul.
  6868 | D:6      | Reached skill level 8 in Fighting
  6868 | D:6      | Reached XP level 10. HP: 64/76 MP: 0/0
  6944 | D:6      | Found a hide-covered altar of Uskayaw.
  6989 | D:6      | Noticed Blork the orc
  6991 | D:6      | Killed Blork the orc
  7148 | D:6      | Reached * piety under Ashenzari
  7155 | D:6      | Noticed Edmund
  7341 | D:6      | Found a basalt altar of Yredelemnul.
  7459 | D:6      | Killed Grinder
  7805 | D:6      | Killed Edmund
  8513 | D:7      | Reached skill level 1 in Armour
  8907 | D:7      | Found a sparkling altar of Nemelex Xobeh.
  8988 | D:7      | Reached ** piety under Ashenzari
  9114 | D:8      | Found a flagged portal.
  9487 | Bailey   | Entered a bailey
  9631 | Bailey   | Noticed an orc knight
  9636 | Bailey   | Killed an orc knight
  9831 | Bailey   | Found a large runed translucent door.
  9831 | Bailey   | Found a large runed translucent door.
  9832 | Bailey   | Noticed a deep elf pyromancer
  9833 | Bailey   | Identified the +2 pair of gloves "Muelicsonn" {Str+5 Int+4
                  | Dex-2}
  9888 | Bailey   | Killed a deep elf pyromancer
  9889 | Bailey   | Reached skill level 9 in Fighting
 10110 | D:8      | Reached XP level 11. HP: 49/84 MP: 0/0
 10110 | D:8      | Learned a level 4 spell: Dispel Undead
 10334 | D:8      | Found a hazy altar of Hepliaklqana.
 10343 | D:8      | Found a snail-covered altar of Cheibriados.
 10874 | D:8      | Found a staircase to the Lair.
 11091 | D:8      | Found a glowing silver altar of Zin.
 11133 | D:8      | Reached *** piety under Ashenzari
 12338 | D:9      | Found a staircase to the Orcish Mines.
 12497 | D:4      | Bought an ichor-stained flail for 212 gold pieces
 12497 | D:4      | Identified the +9 flail "Kigush" {pain, rF++ Dex+2} (You
                  | bought it in a shop on level 4 of the Dungeon)
 13094 | D:9      | Noticed Jeremiah
 13213 | D:9      | Reached skill level 5 in Armour
 13217 | D:9      | Reached skill level 1 in Shields
 13549 | Lair:1   | Entered Level 1 of the Lair of Beasts
 13618 | Lair:1   | You are sucked into a shaft and drop 1 floor!
 13624 | Lair:2   | Noticed a boulder beetle
 13805 | Lair:1   | Reached skill level 10 in Fighting
 14254 | Lair:1   | Reached XP level 12. HP: 79/91 MP: 0/0
 14601 | Lair:1   | Reached skill level 10 in Spellcasting
 14601 | Lair:1   | Reached skill level 10 in Conjurations
 14601 | Lair:1   | Reached skill level 10 in Hexes
 14601 | Lair:1   | Reached skill level 10 in Summonings
 14601 | Lair:1   | Reached skill level 10 in Necromancy
 14601 | Lair:1   | Reached skill level 10 in Translocations
 14601 | Lair:1   | Reached skill level 10 in Fire Magic
 14601 | Lair:1   | Reached skill level 10 in Ice Magic
 14601 | Lair:1   | Reached skill level 10 in Air Magic
 14601 | Lair:1   | Reached skill level 10 in Earth Magic
 14601 | Lair:1   | Reached skill level 10 in Alchemy
 14604 | Lair:1   | Reached skill level 1 in Maces & Flails
 15577 | Lair:2   | Found a hole to the Spider Nest.
 15987 | Lair:2   | Killed a boulder beetle
 16461 | Lair:2   | Noticed a boulder beetle
 16494 | Lair:2   | Killed a boulder beetle
 17186 | Lair:3   | Noticed a six-headed hydra
 17268 | Lair:3   | Noticed a skyshark
 17273 | Lair:3   | Killed a skyshark
 17274 | Lair:3   | Reached XP level 13. HP: 83/98 MP: 0/0
 17274 | Lair:3   | Learned a level 5 spell: Silence
 17319 | Lair:3   | Reached skill level 11 in Fighting
 17465 | Lair:3   | Killed a six-headed hydra
 17466 | Lair:3   | Reached skill level 5 in Shields
 19535 | Lair:3   | Found a staircase to the Shoals.
 19896 | Lair:3   | Found a staircase to the Shoals.
 21016 | Lair:4   | Noticed Josephine
 21027 | Lair:4   | Killed Josephine
 21032 | Lair:4   | Reached skill level 12 in Fighting
 21424 | Lair:5   | Entered Level 5 of the Lair of Beasts
 21426 | Lair:5   | Reached XP level 14. HP: 103/107 MP: 0/0
 21647 | Lair:5   | Found a runed translucent gate.
 21647 | Lair:5   | Found a runed translucent gate.
 21647 | Lair:5   | Found a runed translucent gate.
 21753 | Lair:5   | Reached skill level 5 in Maces & Flails
 22006 | Lair:5   | Noticed tdog's ghost (journeyman SpBr)
 22018 | Lair:5   | Found a staircase to the Slime Pits.
 24458 | Lair:5   | Reached **** piety under Ashenzari
 25099 | D:10     | Entered Level 10 of the Dungeon
 25131 | D:10     | Found a white marble altar of Elyvilon.
 25923 | D:8      | Reached ***** piety under Ashenzari
 26125 | D:10     | Found a blossoming altar of Fedhas.
 26712 | D:11     | Reached skill level 13 in Fighting
 27663 | D:11     | Reached XP level 15. HP: 99/114 MP: 0/0
 27663 | D:11     | Learned a level 6 spell: Conjure Ball Lightning
 29501 | Orc:1    | Entered Level 1 of the Orcish Mines
 29506 | Orc:1    | Noticed Erolcha
 29511 | Orc:1    | Killed Erolcha
 29675 | Orc:1    | Found a dark tunnel.
 29703 | Volcano  | Entered a volcano
 29716 | Volcano  | Found a large runed translucent door.
 29716 | Volcano  | Found a large runed translucent door.
 29737 | Volcano  | Found a large runed translucent door.
 29741 | Volcano  | Found a large runed translucent door.
 30051 | Volcano  | Found a large runed translucent door.
 30051 | Volcano  | Found a large runed translucent door.
 30261 | Volcano  | Found a large runed translucent door.
 30261 | Volcano  | Found a large runed translucent door.
 30468 | Volcano  | Found a large runed translucent door.
 30468 | Volcano  | Found a large runed translucent door.
 30484 | Volcano  | Found a large runed translucent door.
 30484 | Volcano  | Found a large runed translucent door.
 30491 | Volcano  | Found a large runed translucent door.
 30500 | Volcano  | Found a large runed translucent door.
 30501 | Volcano  | Found a large runed translucent door.
 30501 | Volcano  | Found a large runed translucent door.
 30600 | Volcano  | Found a large runed translucent door.
 30600 | Volcano  | Found a large runed translucent door.
 31387 | Orc:2    | Entered Level 2 of the Orcish Mines
 31846 | Orc:2    | Found a staircase to the Elven Halls.
 31860 | Orc:2    | Reached skill level 10 in Shields
 32247 | Orc:2    | Reached skill level 14 in Fighting
 32847 | Orc:2    | Noticed an orc warlord
 32858 | Orc:2    | Killed an orc warlord
 33752 | Orc:2    | Found Lent's General Store.
 33753 | Orc:2    | Found Tyguotwae's Book Emporium.
 33756 | Orc:2    | Found Ykeud's Antique Armour Shoppe.
 33756 | Orc:2    | Found Konir's Antique Weapon Shoppe.
 33772 | Orc:2    | Bought a jewelled leather armour for 231 gold pieces
 33772 | Orc:2    | Identified the +1 leather armour "Wiust" {rN+} (You bought
                  | it in a shop on level 2 of the Orcish Mines)
 33773 | Orc:2    | Bought an ichor-stained spear for 240 gold pieces
 33773 | Orc:2    | Identified the +5 spear of Tumult {freeze, rPois rF+} (You
                  | bought it in a shop on level 2 of the Orcish Mines)
 33976 | Orc:2    | Bought 3 scrolls of teleportation for 117 gold pieces
 35170 | D:13     | Reached XP level 16. HP: 113/124 MP: 0/0
 35797 | D:13     | Found a gate to the Vaults.
 36755 | D:13     | Found a gate to the Vaults.
 37990 | D:14     | Identified the ring "Aceamanew" {rN+ Dex-5 Slay+3 SInv}
 41370 | D:15     | Entered Level 15 of the Dungeon
 42590 | D:15     | Found a staircase to the Depths.
 42591 | D:15     | Noticed a fire giant
 42596 | D:15     | Killed a fire giant
 42597 | D:15     | Reached skill level 15 in Fighting
 43610 | D:9      | Killed Jeremiah
 43842 | Shoals:1 | Entered Level 1 of the Shoals
 44410 | Shoals:1 | Noticed a kraken
 44422 | Shoals:1 | Found a glacial archway.
 44840 | Shoals:1 | Noticed a kraken
 44860 | Shoals:1 | HP: 3/126 [merfolk impaler/+0 trident (11)]
 44863 | Shoals:1 | Slain by a merfolk impaler

Illustrated notes

Levels and vault maps discovered:
D:1:      nicolae_arrival_kraken_aquarium_b, layout_rooms, minmay_heptomino_o4
D:2:      layout_loops_ring, corexii_leaking_fountain
D:3:      minmay_wonky_spiral, layout_basic, minmay_cut_off
D:4:      layout_rooms, serial_shops, shop, uniq_pikel
D:5:      layout_basic, nicolae_wu_jian_immortal_techniques,
          amcnicky_altar_gilded, mainiacjoe_overflow_cross_hatched,
          minmay_temple_entry_enclosed_plants, serial_shops,
          nicolae_book_shop_shelving, shop, uniq_eustachio
D:6:      layout_loops_ring, lemuel_tele_altar, mainiacjoe_overflow_catwalk,
          uniq_menkaure, uniq_blork_the_orc, uniq_grinder, uniq_duvessa,
          uniq_edmund, uniq_sigmund
D:7:      layout_loops_ring, nemelex_dance_club_becter
D:8:      layout_basic, nzn_hepliaklqana_mist_gate, mainiacjoe_overflow_paths,
          zin_treasury, lair_entry_dummy, enter_bailey_4
D:9:      layout_long_grid, erik_orc_4, uniq_jeremiah
D:10:     layout_gridville, elyvilon_altar_5, kennysheep_mini_moat
D:11:     layout_roguey
D:12:     layout_cave_pools
D:13:     layout_roguey [special_room_orc], david_vaults_1, kennysheep_potato
D:14:     layout_loops_ring, roderic_serpentine_path, lightli_corner_chamber
D:15:     grunt_enter_depths_giant_problem, layout_basic, hangedman_decor_points
Lair:1:   layout_loops_ring, lemuel_fruit_fields
Lair:2:   layout_small_grid, spider_nest_entry_a
Lair:3:   layout_chaotic_city, minmay_shoals_entry_centaurs, minivault_19,
          grunt_megastairs_1
Lair:4:   layout_cave_shapes, uniq_josephine
Lair:5:   hangedman_lair_in_review, layout_regular_city,
          minmay_slime_entry_jelly_boxes, ebering_ghost_rock_garden
Shoals:1: layout_shoals, portal_ice_cave_entry_pillars_1
Orc:1:    layout_caves, basic_altar, lightli_volcano_entry_magma_tube,
          nicolae_orc_tapped_out, uniq_erolcha
Orc:2:    st_orc_congregation, layout_diamond_mine

Skill      XL: |  1  2  3  4  5  6  7  8  9 10 11 12 13 14 15 16 |
---------------+-------------------------------------------------+-----
Fighting       | 1 2 3 4 5 7 8 9 10 12 13 14 15 | 15.4
Spellcasting   | 4 5 7 8 9 10 11 12 13 14 | 14.3
Conjurations   | 4 5 7 8 9 10 11 12 13 14 | 14.3
Hexes          | 4 5 7 8 9 10 11 12 13 14 | 14.3
Summonings     | 4 5 7 8 9 10 11 12 13 14 | 14.3
Necromancy     | 4 5 7 8 9 10 11 12 13 14 | 14.3
Translocations | 4 5 7 8 9 10 11 12 13 14 | 14.3
Fire Magic     | 4 5 7 8 9 10 11 12 13 14 | 14.3
Ice Magic      | 4 5 7 8 9 10 11 12 13 14 | 14.3
Air Magic      | 4 5 7 8 9 10 11 12 13 14 | 14.3
Earth Magic    | 4 5 7 8 9 10 11 12 13 14 | 14.3
Alchemy        | 4 5 7 8 9 10 11 12 13 14 | 14.3
Dodging        | 3 5 7 8 |  8.0
Armour         | 3 5 7 8 |  8.0
Shields        | 2 4 6 8 10 12 | 12.1
Maces & Flails | 3 4 6 |  6.0
Stealth        | |  1.5

Action                     |  1- 3 |  4- 6 |  7- 9 | 10-12 | 13-15 | 16-18 || total
---------------------------+-------+-------+-------+-------+-------+-------++-------
   Cast: Shock             |    81 |   116 |    44 |    13 |       |       ||   254
         Airstrike         |       |     3 |    88 |   366 |   736 |   292 ||  1485
         Searing Ray       |       |       |     2 |     3 |       |       ||     5
         Mephitic Cloud    |       |       |       |     8 |    25 |     8 ||    41
         Dispel Undead     |       |       |       |     1 |     3 |     2 ||     6
         Swiftness         |       |       |       |       |     1 |       ||     1
         Conjure Ball Ligh |       |       |       |       |    19 |    19 ||    38
 Invoke: Curse Item        |       |       |     1 |     5 |     2 |     1 ||     9
         Shatter the Chain |       |       |       |     1 |     1 |     1 ||     3
  Evoke: Wand              |       |       |       |     1 |       |     3 ||     4
    Use: Potion            |       |       |       |     1 |       |     1 ||     2
         Scroll            |       |       |       |       |       |     1 ||     1
 Armour: Robe              |     4 |    10 |    22 |    12 |       |       ||    48
         Leather armour    |       |       |       |    10 |    66 |   112 ||   188
  Dodge: Dodged            |     7 |    20 |    19 |    44 |    59 |    70 ||   219
         Repelled          |       |       |       |     1 |     1 |     3 ||     5
  Block: Buckler           |       |       |       |       |    20 |    34 ||    54
